AoeStats
← 3ms

Arabia

510847755Analyzed
1v1 RM · 10h ago on Oct 2, 2026· 49m 42s· 2 players
Game mode
Random Map
Map size
Tiny (2 player)
Population
200
Speed
Normal
Resources
Standard
Victory
Conquest
Starting age
Dark Age
Ending age
Imperial Age
RankedLock teamsTeams togetherTeam positionsShared explorationLock speedFull tech treeHidden civsTurbo modeCheats
Victory
Defeat
🇦🇷 Persians · Argentina
1117
+16
🇵🇪 Mongols · Peru
1110
-16
VIT | Aguilax
8:13 Feudal Age
8:45 Loom
12:48 Double-Bit Axe
20:24 Castle Age
19:06 Bloodlines
18:57 Gold Mining
19:49 Fletching
21:36 Bow Saw
22:06 Horse Collar
22:35 Husbandry
24:16 Gold Shaft Mining
23:46 Bodkin Arrow
27:48 Padded Archer Armor
28:01 Thumb Ring
33:38 Leather Archer Armor
37:52 Imperial Age
36:00 Stone Mining
38:16 Wheelbarrow
40:22 Onager
42:03 Hand Cart
42:43 Stone Shaft Mining
42:38 Parthian Tactics
43:50 Ballistics
46:14 Bracer
45:49 Light Cavalry
46:48 Scale Barding Armor
3ms
7:10 Loom
9:09 Feudal Age
10:07 Double-Bit Axe
11:43 Horse Collar
17:55 Wheelbarrow
21:34 Castle Age
19:29 Stone Mining
23:34 Hand Cart
23:22 Heavy Plow
23:36 Bow Saw
25:54 Elite Skirmisher
30:47 Town Watch
32:31 Town Patrol
33:26 Thumb Ring
37:29 Ballistics
42:53 Imperial Age
42:27 Masonry
42:09 Fletching
42:19 Padded Archer Armor
43:09 Bloodlines
43:00 Husbandry
43:16 Scale Barding Armor
43:49 Bodkin Arrow
44:10 Leather Archer Armor
45:03 Chemistry
43:55 Cavalier
46:39 Forging
47:02 Crop Rotation
46:31 Gold Mining
47:50 Two-Man Saw
47:24 Ring Archer Armor
48:04 Iron Casting
47:50 Chain Barding Armor
47:07 Light Cavalry
48:52 Scale Mail Armor
Connection lost

Rejoining the realm…

Still unreachable

The connection could not be restored.

Session expired

The server has moved on; the page needs a fresh start.